Unix NetHack Version 3.7.0-60 Work-in-progress - last build Jul 10 2022 06:21:10 (14e6c82d0a2bdcc1d3355b92dfa208a3528279b5,branch:master). Game began 2022-07-11 09:25:05, ended 2022-12-10 08:24:31. spline, lawful female human Valkyrie ----------- |.....|...| |.[.|.|.|.-----.| ...|.|.|...[...| .-*|.|.|.---.---.---- ..|...| |.......... -.|--.|------------%- ..|...|.........|...| -.|.--|....)....|.-- |.|...|....<....-.| |.----|.........|.| |...|.|.........| ---.|.----------- ..........| ---------.| |@| -V- Spline the Skirmisher St:18/01 Dx:13 Co:18 In:10 Wi:8 Ch:8 Lawful Dlvl:12 $:153 HP:0(49) Pw:11(11) AC:-3 Xp:4/159 T:3156 Burdened Latest messages: The vampire bat bites! The vampire bat bites! You hit the vampire bat! The vampire bat misses! The vampire bat bites! You hit the vampire bat! The vampire bat misses! The vampire bat misses! The vampire bat bites! The vampire bat bites! You hit the vampire bat! The vampire bat bites! The vampire bat misses! You kill the vampire bat! The seemingly dead vampire bat suddenly transforms and rises as a vampire! The vampire hits! The vampire bites! You hit the vampire! The vampire hits! The vampire misses! You miss the vampire. The vampire hits! The vampire bites! Farvel level 7. You feel slow! You hit the vampire! The vampire hits! The vampire misses! You miss the vampire. The vampire hits! The vampire just misses! The vampire hits! The vampire bites! Farvel level 6. You hear a D note squeak in the distance. Are you sure you want to pray? [yn] (n) y You begin praying to Tyr. You are surrounded by a shimmering light. The vampire starts to attack you, but pulls back. The vampire starts to attack you, but pulls back. The vampire starts to attack you, but pulls back. You finish your prayer. You feel that Tyr is well-pleased. Your long sword softly glows with a light blue aura. The vampire hits! The vampire bites! Farvel level 5. You die... Do you want your possessions identified? [ynq] (y) y Do you want to see your attributes? [ynq] (y) q Major events: Turn 1: spline the lawful human Valkyrie entered the dungeon 939: entered the Gnomish Mines 1033: attained the rank of Skirmisher (level 3) 1700: reached Mine Town 2007: attained the rank of Fighter (level 6) 3156: killed by a vampire Inventory: Weapons n - 10 blessed +1 darts f - 7 +0 darts e - 6 cursed +0 darts (at the ready) b - a +0 dagger (alternate weapon; not wielded) a - a blessed +1 long sword (weapon in hand) Armor t - an uncursed +0 pair of iron shoes (being worn) c - an uncursed +3 small shield (being worn) s - an uncursed +0 dwarvish cloak (being worn) g - an uncursed +0 plate mail (being worn) Comestibles d - an uncursed food ration B - 2 uncursed food rations H - an uncursed rotten tin of little dog meat i - an uncursed tin of broiled giant bat meat u - an uncursed lichen corpse Scrolls G - an uncursed scroll of enchant armor J - an uncursed scroll of identify F - 2 uncursed scrolls of light o - 2 uncursed scrolls of teleportation Spellbooks m - an uncursed spellbook of detect monsters Potions j - a cursed potion of booze w - an uncursed potion of fruit juice x - an uncursed potion of gain level p - an uncursed potion of levitation l - an uncursed potion of polymorph A - an uncursed potion of sleeping k - an uncursed potion of speed D - an uncursed potion of water Rings h - an uncursed ring of regeneration Wands E - a wand of cold (0:8) v - a wand of slow monster (0:3) Tools q - an uncursed brass lantern r - a +0 pick-axe z - an uncursed tallow candle C - an uncursed wax candle Spline the Valkyrie's attributes: Background: You were a Skirmisher, a level 4 human Valkyrie. You were lawful, on a mission for Tyr who was opposed by Odin (neutral) and Loki (chaotic). You were in the Gnomish Mines, on level 12. You entered the dungeon 3156 turns ago. There was a full moon in effect when your adventure ended. You had 159 experience points, 1 more was needed to attain level 5. Basics: You had 0 out of 49 hit points. You had all 11 energy points (spell power). Your armor class was -3. Your wallet contained 153 zorkmids. Autopickup was off. Final Characteristics: Your strength was 18/01 (limit:18/100). Your dexterity was 13 (limit:18). Your constitution was 18 (limit:18). Your intelligence was 10 (limit:18). Your wisdom was 8 (limit:18). Your charisma was 8 (limit:18). Final Status: You were not hungry. You were burdened; movement was slightly slowed. You were wielding a long sword. You had basic skill with long sword and could have enhanced that. Final Attributes: You were piously aligned. You were cold resistant. You were telepathic. You were stealthy. You were guarded. You were lucky. You are dead. Miscellaneous: You never encountered a bones level. Total elapsed playing time was 2 hours, 53 minutes and 17 seconds. Vanquished creatures: an ettin mummy a giant spider 2 horses a dwarf mummy a dingo a human zombie a rock piercer 9 gnome leaders 2 gnomish wizards a kobold mummy an elf zombie a floating eye a kitten 5 dwarves a rabid rat 2 monkeys an iguana a hobbit a cave spider 34 gnomes 3 jackals 3 foxes a kobold 2 sewer rats 4 lichens 3 newts 84 creatures vanquished. No species were genocided or became extinct. Voluntary challenges: You read items or engraved 1 time. You engraved Elbereth 1 time. You never genocided any monsters. You never polymorphed an object. You never changed form. You used no wishes. Achievements: You entered the Gnomish Mines. You entered a shop. You attained the rank of Skirmisher. You entered Minetown. You attained the rank of Fighter. The Dungeons of Doom: levels 1 to 3 Level 1: A fountain. Level 2: Some fountains, a sink. Level 3: A shop, a fountain. Stairs down to The Gnomish Mines. The Gnomish Mines: levels 4 to 12 Level 4: Level 5: Level 6: Some shops, some fountains. Level 7: Level 8: Level 10: Level 11: Level 12: <- You were here. Final resting place for you, killed by a vampire. Game over: ---------- / \ / REST \ / IN \ / PEACE \ / \ | spline | | 153 Au | | killed by a | | vampire | | | | | | 2022 | *| * * * | * _________)/\\_//(\/(/\)/\//\/|_)_______ Farvel spline the Valkyrie... You died in The Gnomish Mines on dungeon level 12 with 3752 points, and 153 pieces of gold, after 3156 moves. You were level 4 with a maximum of 49 hit points when you died.